 Dungeon Crawl Stone Soup version 0.29-a0-824-gd827844252 (webtiles) character file.

Game seed: 16355997328632036531

9 LynnLen the Vexing (level 2, 19/19 HPs)
             Began as a Vampire Enchanter on July 10, 2022.
             Quit the game on level 2 of the Dungeon.
             The game lasted 00:01:19 (131 turns).

LynnLen the Vexing (Vampire Enchanter)               Turns: 131, Time: 00:01:20

Health: 19/19      AC:  2    Str:  7    XL:     2   Next: 3%
Magic:  5/5        EV: 12    Int: 17    God:
Gold:   0          SH:  0    Dex: 14    Spells: 5/5 levels left

rFire   . . .      SeeInvis +   a - +1 dagger
rCold   . . .      Faith    .   (no shield)
rNeg    . . .      Spirit   .   b - +0 robe
rPois   .          Reflect  .   (no helmet)
rElec   .          Harm     .   (no cloak)
rCorr   .          Rampage  .   (no gloves)
Will    .....                   (no boots)
Stlth   +++.......              (no amulet)
HPRegen 0.26/turn               (no ring)
MPRegen 0.09/turn               (no ring)

@: healing quickly, invisible (expiring)
A: alive, fangs 3, see invisible, vampiric 1
a: Exsanguinate


You were on level 2 of the Dungeon.
You visited 1 branch of the dungeon, and saw 2 of its levels.

Inventory:

Hand Weapons
 a - a +1 dagger (weapon)
Armour
 b - a +0 robe (worn)
Scrolls
 d - a scroll of enchant armour {unknown}
Potions
 c - a potion of invisibility


   Skills:
 - Level 1.1 Short Blades
 + Level 1.3 Armour
 - Level 2.1 Dodging
 - Level 4.4 Stealth
 - Level 2.0 Spellcasting
 - Level 4.4 Hexes


You had 5 spell levels left.
You didn't know any spells.
Your spell library contained the following spells:

 Spells                   Type           Power      Damage    Failure   Level
 Confusing Touch          Hex            16%        N/A       10%         3
 Tukima's Dance           Hex            16%        N/A       10%         3
 Ensorcelled Hibernation  Hex/Ice        18%        N/A       12%         2
 Dazzling Flash           Conj/Hex       18%        N/A       24%         3


Dungeon Overview and Level Annotations

Branches:
Dungeon (2/15)

Altars:


Innate Abilities, Weirdness & Mutations

Your natural rate of healing is accelerated.
You have razor-sharp teeth.
You have supernaturally acute eyesight. (SInv)
You are afflicted with vampirism.


Message History

The rat twitches its whiskers.
The rat attacks as you move away! The rat barely misses you.
Found a stone staircase leading down.
The rat attacks as you move away! The rat barely misses you.
The rat attacks as you move away! The rat closely misses you.
The rat attacks as you move away! The rat bites you.
Found a mace.
A kobold comes into view. It is wielding a +0 dagger.
The kobold shouts!
The rat barely misses you.
There is a stone staircase leading down here.
The rat bites you.
You climb downwards.
Found a helmet.
There is a stone staircase leading up here.
You fade into invisibility!
There is a stone staircase leading up here.
Found a hand axe.
A kobold comes into view. It is wielding a +0 dagger.
Found a whip.
The kobold shouts!
Found 6 stones and a smoky black potion.
A rat and a goblin come into view.
Found a smoky silvery potion.
Found a falchion.
Found a stone staircase leading down.
Found a stone staircase leading down.
Found 9 gold pieces.
An adder comes into view.
Found a stone staircase leading up.
You flicker for a moment.
A rat comes into view.
Found 4 gold pieces.
The helpless adder fails to defend itself.
You impale the adder!!
You kill the adder!
Your Armour skill increases to level 1!
You have reached level 2!
Okay, then.
Are you sure you want to abandon this character and quit the game? (Confirm with "yes".)

$ .# .. #.##.# #.... #.
##.... ### #.> #.... ...
#.. # #†#.##.# #.#
....##@#....# #######.#
...........# ##....#..#
......r##.#####..####...
......###.##...........#
..<..............####!.#
....$....#.....#.....(..
.....#...#.###########>#
.......###.# )..... ..##
#.# ......


You could see a rat (asleep).

Vanquished Creatures
  An adder (D:2)
1 creature vanquished.

Notes
Turn   | Place    | Note
-------+----------+-------------------------------------------
     0 | D:1      | LynnLen the Vampire Enchanter began the quest for the Orb.
     0 | D:1      | Reached XP level 1. HP: 13/13 MP: 3/3
   131 | D:2      | Reached skill level 1 in Armour
   131 | D:2      | Reached XP level 2. HP: 19/19 MP: 5/5
   131 | D:2      | Quit the game

Illustrated notes

Levels and vault maps discovered:
D:1:      elethiomel_arrival_shortcut, layout_loops_ring,
          minmay_tree_intersection, serial_park_tiny_2,
          nicolae_concentric_dashed_squares_wild
D:2:      layout_rooms, serial_shops, shop,
          hellmonk_ecumenical_altar_leap_of_faith, dk_vineyard_1

Skill      XL: |  1 |
---------------+----+-----
Armour         | 1 |  1.3
Short Blades   | |  1.1
Dodging        | |  2.1
Stealth        | |  4.4
Spellcasting   | |  2.0
Hexes          | |  4.4

Action                   || total
-------------------------++-------
Melee: Dagger            ||     1
  Use: Potion            ||     1
 Stab: Sleeping          ||     1
Dodge: Dodged            ||     8

Table legend: (Time is in decaauts)
 A = Elapsed time spent in this place.
 B = Non-inter-level travel time spent in this place.
 C = Inter-level travel time spent in this place.
 D = Time resting spent in this place.
 E = Time spent auto-exploring this place.
 F = Levels seen in this place.
 G = Mean time per level.
                   A        B        C        D        E       F      G
               +--------+--------+--------+--------+--------+-----+--------+
         Total |    130 |    130 |      0 |      0 |      0 |   2 |   65.0 |
       Dungeon |    130 |    130 |      0 |      0 |      0 |   2 |   65.0 |
               +--------+--------+--------+--------+--------+-----+--------+

Top non-repeatable levels by time:
     D:1: 90 daAuts
     D:2: 40 daAuts
